 Dungeon Crawl Stone Soup version 0.28.0-53-g5a82cb258f (webtiles) character file.

Game seed: 8621089091208385165

233 RobertSmithOfTheCure the Cudgeller (level 5, -8/50 HPs)
             Began as a Troll Berserker on Aug 14, 2022.
             Was a Believer of Trog.
             Succumbed to a water moccasin's poison
             ... on level 4 of the Dungeon.
             The game lasted 00:10:16 (3059 turns).

RobertSmithOfTheCure the Cudgeller (TrBe)           Turns: 3059, Time: 00:10:17

Health: -8/50      AC:  4    Str: 25    XL:     5   Next: 74%
Magic:  13/13      EV: 10    Int:  3    God:    Trog [**....]
Gold:   146        SH:  0    Dex: 11    Spells: 4/4 levels left

rFire   . . .      SeeInvis .   h - +0 morningstar
rCold   . . .      Faith    .   (no shield)
rNeg    . . .      Spirit   .   b - +0 animal skin
rPois   .          Reflect  .   (helmet restricted)
rElec   .          Harm     .   (no cloak)
rCorr   .          Rampage  .   (gloves unavailable)
Will    ++...                   (boots unavailable)
Stlth   +.........              (no amulet)
HPRegen 1.96/turn               c - ring of flight
MPRegen 0.13/turn               k - ring of magical power

@: lethally poisoned (-8 -> -34), strong-willed, on berserk cooldown, flying,
regenerating, slowed, very slow
A: large, unfitting armour, claws 3, regeneration 1, shaggy fur 1, tough skin 1
a: Renounce Religion, Berserk, Trog's Hand


You were on level 4 of the Dungeon.
You worshipped Trog.
Trog was pleased with you.
You visited 1 branch of the dungeon, and saw 4 of its levels.

You collected 146 gold pieces.

Inventory:

Hand Weapons
 a - a +0 mace
 h - a +0 morningstar (weapon)
Missiles
 d - 31 arrows
 f - a throwing net (quivered)
 g - 9 poisoned darts
Armour
 b - a +0 animal skin (worn)
Jewellery
 c - a ring of flight (left claw)
 k - a ring of magical power (right claw)
Scrolls
 e - 3 scrolls of identify
 j - a scroll of magic mapping
Potions
 i - 3 potions of curing


   Skills:
 - Level 2.6 Fighting
 + Level 5.8 Maces & Flails
 - Level 2.4 Dodging


You had 4 spell levels left.
You didn't know any spells.
Your spell library was empty.

Dungeon Overview and Level Annotations

Branches:
Dungeon (4/15)             Temple (0/1) D:4

Altars:
Qazlal


Innate Abilities, Weirdness & Mutations

You are too large for most types of armour.
You have claws for hands.
Your natural rate of healing is unusually fast.
You are covered in fur. (AC +1)
You have tough skin. (AC +1)


Message History

The gnoll shaman shouts!
You hear an angry hiss.
A water moccasin comes into view.
The gnoll shaman hits you with a +0 club!
The gnoll shaman barely misses you.
You are too injured to fight recklessly!
You are too injured to fight recklessly!
You are too injured to fight recklessly!
You are too injured to fight recklessly!
You are too injured to fight recklessly!
You hit the gnoll shaman but do no damage.
The gnoll shaman barely misses you. The gnoll shaman closely misses you.
You closely miss the gnoll shaman. You claw the gnoll shaman!
The gnoll shaman is almost dead.
The gnoll shaman utters an invocation to its god.
The gnoll shaman is healed somewhat.
You bludgeon the gnoll shaman!!
You kill the gnoll shaman!
Trog accepts your kill. The water moccasin bites you.
You are poisoned.
The water moccasin poisons you! The water moccasin bites you.
You are more poisoned.
The water moccasin poisons you!
You hit the water moccasin.
The water moccasin is moderately wounded.
You feel the effects of Trog's Hand fading.
* * * LOW HITPOINT WARNING * * *
You feel extremely sick. The water moccasin bites you.
* * * LOW HITPOINT WARNING * * *
You are lethally poisoned!
The water moccasin poisons you! The water moccasin bites you.
* * * LOW HITPOINT WARNING * * *
The water moccasin bites you.
* * * LOW HITPOINT WARNING * * *
You are more poisoned.
The water moccasin poisons you!
Your skin crawls.
You feel strong-willed.
You die...

#.#.#+###.....#
#.#.# ######
#.#.# #.#.#
#.#. #.# #.#
#.# #@# #S# #)#
#)# #'#
#............
#........g...
#............
#............


You could see a water moccasin.

Vanquished Creatures
  An orc priest (D:4)
  A gnoll shaman (D:4)
  An orc wizard (D:4)
  3 gnolls (D:4)
  5 adders
  A worm (D:2)
  A dart slug (D:2)
  8 orcs
  7 endoplasms
  3 giant cockroaches
  3 goblins
  3 hobgoblins
  4 jackals (D:3)
  4 quokkas (D:1)
  5 ball pythons
  3 bats
  5 frilled lizards
  4 kobolds
  7 rats
69 creatures vanquished.

Notes
Turn   | Place    | Note
-------+----------+-------------------------------------------
     0 | D:1      | RobertSmithOfTheCure the Troll Berserker began the quest
                  | for the Orb.
     0 | D:1      | Reached XP level 1. HP: 22/22 MP: 0/0
   130 | D:1      | Reached skill level 3 in Maces & Flails
   130 | D:1      | Reached XP level 2. HP: 29/29 MP: 1/1
   672 | D:2      | Lost intelligence.
  1583 | D:2      | Reached XP level 3. HP: 10/36 MP: 2/2
  1878 | D:2      | Reached ** piety under Trog
  1906 | D:2      | Reached skill level 4 in Maces & Flails
  1946 | D:2      | Reached XP level 4. HP: 44/44 MP: 3/3
  1959 | D:2      | Found a stormy altar of Qazlal.
  2339 | D:3      | Found a faded altar of an unknown god.
  2865 | D:4      | Found a staircase to the Ecumenical Temple.
  2945 | D:4      | Reached skill level 5 in Maces & Flails
  2945 | D:4      | Reached XP level 5. HP: 39/50 MP: 4/4
  3052 | D:4      | Noticed a water moccasin
  3059 | D:4      | Succumbed to a water moccasin's poison

Illustrated notes

Levels and vault maps discovered:
D:1:      nzn_arrival_crosshair, layout_loops_ring, minmay_pentomino_t2
D:2:      layout_loops_ring, basic_altar
D:3:      layout_basic, basic_ecumenical_altar
D:4:      layout_basic, chequers_temple_overflow_minitemple,
          minmay_temple_entry_gardened_gates, gammafunk_ghost_mausoleum

Skill      XL: |  1  2  3  4 |
---------------+-------------+-----
Maces & Flails | 3 4 5 |  5.8
Fighting       | |  2.6
Dodging        | |  2.4

Action                   |  1- 3 |  4- 6 || total
-------------------------+-------+-------++-------
Melee: Mace              |   124 |   100 ||   224
       Punch             |     2 |     1 ||     3
       Morningstar       |       |    54 ||    54
Invok: Trog's Hand       |       |     2 ||     2
       Berserk           |       |     1 ||     1
  Use: Scroll            |     1 |     4 ||     5
       Potion            |     1 |     1 ||     2
 Stab: Sleeping          |     1 |     1 ||     2
Armor: Animal skin       |    50 |    80 ||   130
Dodge: Dodged            |    81 |    97 ||   178
